 Dungeon Crawl Stone Soup version 0.24-a0-347-g1a3e1d35ff (webtiles) character file.

Game seed: 4369612158447890677

98 Geomchi the Insei (level 4, -4/30 HPs)
             Began as an Octopode Transmuter on May 23, 2019.
             Slain by Sigmund
             ... wielding a +0 scythe
              (11 damage)
             ... on level 3 of the Dungeon.
             The game lasted 00:02:29 (3185 turns).

Geomchi the Insei (Octopode Transmuter)             Turns: 3185, Time: 00:02:30

Health: -4/30      AC:  1    Str:  9    XL:     4   Next: 71%
Magic:  4/7        EV: 13    Int: 16    God:
Gold:   130        SH:  0    Dex: 12    Spells: 3/7 levels left

rFire    + . .     SeeInvis .     - Unarmed
rCold    + . .     Gourm    .   (no shield)
rNeg     . . .     Faith    .   (helmet restricted)
rPois    +         Spirit   .   (no amulet)
rElec    +         Reflect  .   (no ring)
rCorr    +         Harm     .   (no ring)
MR       .....                  (no ring)
Stlth    ++........             (no ring)
HPRegen  0.10/turn              (no ring)
MPRegen  0.10/turn              (no ring)
                                (no ring)
                                (no ring)

@: resistant, flying
A: almost no armour, stealthy swim, amphibious, 8 rings, constrict 8, camouflage
1, gelatinous body 1
a: no special abilities


You were on level 3 of the Dungeon.
You were not hungry.

You visited 1 branch of the dungeon, and saw 3 of its levels.

You collected 130 gold pieces.

Inventory:

Missiles
 a - 84 arrows
Scrolls
 b - a scroll of blinking {unknown}
 e - a scroll of fog {unknown}
 f - 2 scrolls of fear {unknown}
 g - a scroll of enchant armour {unknown}
 h - a scroll of magic mapping {unknown}
 i - 2 scrolls of remove curse {unknown}
 j - a scroll of amnesia {unknown}
 m - a scroll of identify {unknown}
 n - 2 scrolls of teleportation {unknown}
Comestibles
 c - 6 rations
 l - 3 chunks of flesh {@w0}


   Skills:
 + Level 2.4 Fighting
 - Level 2.0 Dodging
 + Level 3.7 Unarmed Combat
 - Level 2.0 Spellcasting
 + Level 3.0 Transmutations
 + Level 1.6 Poison Magic


You had 3 spell levels left.
You knew the following spells:

 Your Spells              Type           Power        Failure   Level  Hunger
a - Beastly Appendage     Tmut           ##....       6%          1    #......
b - Spider Form           Tmut/Pois      #.........   24%         3    ###....

Your spell library contained the following spells:

 Spells                   Type           Power        Failure   Level  Hunger
 Sticks to Snakes         Tmut           ##......     9%          2    ###....
 Animate Skeleton         Necr           N/A          21%         1    #......
 Apportation              Tloc           #.....       21%         1    #......
 Confusing Touch          Hex            #.....       21%         1    #......
 Summon Small Mammal      Summ           #...         21%         1    #......
 Ice Form                 Ice/Tmut       #.......     73%         4    #####..
 Blade Hands              Tmut           ##........   86%         5    ######.


Dungeon Overview and Level Annotations

Branches:
Dungeon (3/15)

Altars:

Annotations:
D:3 Sigmund


Innate Abilities, Weirdness & Mutations

You cannot wear most types of armour.
You are very stealthy in the water. (Stealth+)
You are amphibious.
You can wear up to eight rings at the same time.
You can use your tentacles to constrict eight enemies at once.
Your skin changes colour to match your surroundings (Stealth+).
Your rubbery body absorbs attacks. (AC +1, EV +1)


Message History

You barely miss Sigmund.
Sigmund giggles. "Time to reap what you sow."
Sigmund closely misses you.
Sigmund gestures wildly while chanting.
Sigmund flickers and vanishes!
Deactivating autopickup; reactivate with Ctrl-A.
You're too confused to move!
Something hits you but does no damage. Something hits you!
Ouch! That really hurt!
* * * LOW HITPOINT WARNING * * *
You see here a quokka corpse.
You take 16 damage, and have 7/30 hp.
MASSIVE DAMAGE!!
It was a potion of resistance.
You feel protected.
You feel less confused.
It was a potion of flight.
You feel very buoyant.
You fly up into the air.
Your transformation has ended.
Something hits you!
You die...

#.# ##.# #.# #.#
#.# #.# #.# #.#
#.# #.. #.# #+#
######'## ##.. #..
#...รท...# .. #..
#.......# ..# #..
#.......#####+##.#
#................#
######.....@.....#
#......{....#
#...........#
#.########..# #.#
... #.# #. #.


There were no monsters in sight!

Vanquished Creatures
  2 adders (D:3)
  2 worms
  2 dart slugs
  2 leopard geckos
  2 orcs (D:3)
  A ball python (D:2)
  2 giant cockroaches
  4 goblins
  10 hobgoblins
  8 jackals
  10 kobolds
  2 quokkas
  4 bats
  2 frilled lizards
  9 rats
62 creatures vanquished.

Notes
Turn   | Place    | Note
-------+----------+-------------------------------------------
     0 | D:1      | Geomchi the Octopode Transmuter began the quest for the
                  | Orb.
     0 | D:1      | Reached XP level 1. HP: 13/13 MP: 3/3
   427 | D:1      | Reached XP level 2. HP: 18/18 MP: 3/5
  1479 | D:1      | Reached XP level 3. HP: 20/24 MP: 4/6
  1484 | D:1      | Learned a level 3 spell: Spider Form
  2513 | D:2      | Reached skill level 1 in Poison Magic
  2747 | D:3      | Reached XP level 4. HP: 27/29 MP: 5/7
  3167 | D:3      | Noticed Sigmund
  3185 | D:3      | Slain by Sigmund

Levels and vault maps discovered:
D:1:      roderic_dead_forest, layout_basic
D:2:      layout_basic, moated_statue, corexii_shack, hangedman_decor_slide_cut
D:3:      layout_basic, nicolae_overflow_hidden_temple, uniq_sigmund

Skill      XL: |  1  2  3  4 |
---------------+-------------+-----
Fighting       | 2 |  2.4
Poison Magic   | 1 |  1.6
Transmutations | 3 |  3.0
Dodging        | |  2.0
Unarmed Combat | |  3.7
Spellcasting   | |  2.0

Action                   |  1- 3 |  4- 6 || total
-------------------------+-------+-------++-------
Melee: Unarmed           |   106 |    34 ||   140
       Kick              |    23 |     6 ||    29
       Constrict         |    30 |     8 ||    38
       Tentacles         |    14 |     6 ||    20
       Punch             |     3 |     1 ||     4
 Cast: Beastly Appendage |    29 |     7 ||    36
       Spider Form       |       |     1 ||     1
  Use: Potion            |       |     2 ||     2
 Stab: Sleeping          |     5 |     2 ||     7
  Eat: Chunk             |     6 |     2 ||     8
Armor: Skin              |     9 |     3 ||    12
Dodge: Dodged            |    58 |    17 ||    75

Table legend:
 A = Non-vault XP
 B = Vault XP
 C = Vault XP percentage of total XP
 D = Non-vault monster count
 E = Vault monster count
 F = Vault count percentage of total count
                 A         B        C        D         E       F
            +---------+---------+-------+---------+---------+-------
      Total |     140 |       1 |   0.7 |      61 |       1 |   1.6
            +---------+---------+-------+---------+---------+-------
        D:1 |      35 |       0 |   0.0 |      22 |       0 |   0.0
        D:2 |      44 |       1 |   2.2 |      22 |       1 |   4.3
        D:3 |      61 |       0 |   0.0 |      17 |       0 |   0.0
            +---------+---------+-------+---------+---------+-------
